 Dungeon Crawl Stone Soup version 0.21-a0-156-g77413b7 (webtiles) character file.

26458 Memingway the Grappler (level 12, 0/123 HPs)
             Began as a Troll Fighter on Aug 3, 2017.
             Was a High Priest of the Shining One.
             Slain by a vampire knight
             ... wielding a +5 flail of protection
              (5 damage)
             ... while paralysed by a vampire knight
             ... on level 13 of the Dungeon.
             The game lasted 01:24:11 (12532 turns).

Memingway the Grappler (Troll Fighter)             Turns: 12532, Time: 01:24:13

Health: 0/123      AC:  8    Str: 27    XL:     12   Next: 98%
Magic:  11/13      EV:  1    Int:  4    God:    the Shining One [*****.]
Gold:   908        SH:  0    Dex: 16    Spells: 11/11 levels left

rFire    . . .     SeeInvis .     - Unarmed
rCold    . . .     Gourm    +   b - +0 shield
rNeg     + + .     Faith    .   L - +0 troll leather armour
rPois    .         Spirit   .   (helmet restricted)
rElec    .         Reflect  .   u - +0 cloak
rCorr    .         Harm     .   (gloves unavailable)
MR       .....                  (boots unavailable)
Stlth    +.........             (no amulet)
HPRegen  1.10/turn              l - +3 ring of dexterity
MPRegen  0.13/turn              (no ring)

@: paralysed, divine shield, glowing
A: unfitting armour, claws 3, fast metabolism 3, gourmand, regeneration 1,
shaggy fur 1, tough skin 2
a: Divine Shield, Cleansing Flame, Summon Divine Warrior, Renounce Religion


You were on level 13 of the Dungeon.
You worshipped the Shining One.
The Shining One was extremely pleased with you.
You were very full.

You visited 3 branches of the dungeon, and saw 16 of its levels.
You also visited: Bailey.

You collected 908 gold pieces.

Inventory:

Hand Weapons
 a - a +1 blowgun
 e - the +9 quarterstaff of Cocytus {antimagic, rF+, unknown}
   (You found it on level 11 of the Dungeon)

   It reduces the magical energy of the wielder, and disrupts the spells and
   magical abilities of those hit.
   Natural abilities and divine invocations are not affected.
   It protects you from fire.
 K - a +0 giant spiked club of crushing
Missiles
 h - 59 poisoned needles
 G - 5 tomahawks
 Q - 8 large rocks (quivered)
Armour
 b - a +0 shield (worn)
 u - a +0 cloak (worn)
 L - a +0 troll leather armour (worn)
 Y - a +0 robe
Jewellery
 l - a +3 ring of dexterity (left claw)
 z - an uncursed ring of fire
Wands
 t - a wand of flame (25/48)
 C - a wand of flame (24/48)
 F - a wand of acid (4/15)
 H - a wand of flame (17/48)
 I - a wand of enslavement (7/24)
 M - a wand of lightning (9/15)
 N - a wand of flame (18/48)
 O - a wand of paralysis (17/24)
 T - a wand of digging (10/24)
 U - a wand of disintegration (12/24)
 Z - a wand of lightning (8/15)
Scrolls
 k - 3 scrolls of fear
 n - 5 scrolls of enchant weapon
 s - 3 scrolls of amnesia
 v - 9 scrolls of teleportation
 y - a scroll of recharging
 A - a scroll of remove curse
 B - a scroll of silence {unknown}
 E - 2 scrolls of immolation
 P - a scroll of enchant armour {unknown}
 V - 2 scrolls of blinking
Potions
 c - 2 potions of might
 f - 5 potions of curing
 g - a potion of heal wounds
 j - 2 potions of ambrosia
 o - 3 potions of haste
 p - 2 potions of agility
 r - a potion of resistance
 w - 3 potions of berserk rage
 x - 2 potions of brilliance
 W - 2 potions of cancellation
Miscellaneous
 m - 2 sacks of spiders
Comestibles
 d - 12 bread rations
 i - 7 meat rations
 q - 5 royal jellies
 D - 39 fruits


   Skills:
 - Level 9.0 Fighting
 + Level 3.8 Throwing
 - Level 7.5 Dodging
 - Level 9.0 Shields
 * Level 12.9 Unarmed Combat
 - Level 2.9 Invocations
 - Level 3.2 Evocations


You had 11 spell levels left.
You didn't know any spells.

Dungeon Overview and Level Annotations

Branches:
Dungeon (13/15)            Temple (1/1) D:7            Lair (0/6) D:11
    Orc (2/2) D:10
    Elf: Orc:2       Vaults: D:13-14

Altars:
Ashenzari
Cheibriados
Dithmenos
Elyvilon
Fedhas
Gozag
Kikubaaqudgha
Makhleb
Nemelex Xobeh
Okawaru
Qazlal
Ru
Sif Muna
Trog
Uskayaw
Vehumet
Wu Jian
Xom
Yredelemnul
Zin
The Shining One
Beogh

Shops:
D:10 !   Orc:1 *

Annotations:
D:3 Blork the orc
D:8 exclusion: downstairs
D:13 exclusion: upstairs


Innate Abilities, Weirdness & Mutations

You are too large for most types of armour.
You have claws for hands.
Your metabolism is lightning-fast.
You like to eat raw meat.
Your natural rate of healing is unusually fast.
You are covered in fur. (AC +1)
You have very tough skin. (AC +2)


Message History

You shrug off the repeated paralysis!
The vampire knight hits you with a flail of protection!!
The vampire knight bites you but does no damage.
The vampire knight hits you with a flail of protection!!
The vampire knight bites you!
The vampire knight hits you with a flail of protection!!
The vampire knight bites you but does no damage.
The vampire hits you.
The vampire bites you but does no damage.
The vampire knight hits you with a flail of protection!!
* * * LOW HITPOINT WARNING * * *
The vampire knight bites you.
* * * LOW HITPOINT WARNING * * *
The vampire hits you but does no damage.
The vampire bites you.
* * * LOW HITPOINT WARNING * * *
The vampire knight hits you with a flail of protection!
* * * LOW HITPOINT WARNING * * *
The vampire knight bites you.
You die...

#########
#.......##
#.
#..##'##.Z##
#.# # ##V.##
#.# ##@V##
#.# ##..##
#.# ##[.#
#.### # ##.#
#.... . #.
#.#.....#
#.... ..#.
#.#.....#
#.### ..#.#
##.#.....#
#.# ..#..##
##..#.....#
#.# ..##..##
##..##.....#
#.#


You could see a vampire knight, a vampire (invisible) and a human zombie.

Vanquished Creatures
  A hydra (D:12)
  6 two-headed ogres
  An orc knight (D:10)
  4 cyclopes
  A gargoyle (D:13)
  A komodo dragon (D:13)
  3 meliai (D:11)
  5 polar bears
  5 trolls
  6 hippogriffs
  15 flying skulls (D:13)
  4 vampires
  3 wyverns
  19 yaks
  3 water moccasins
  A warg (Orc:1)
  Duvessa (D:8)
  4 porcupines (D:11)
  2 sky beasts
  6 orc warriors
  3 black bears
  An eye of draining (D:9)
  5 ice beasts
  2 phantoms
  A wolf (D:8)
  4 centaurs
  3 crocodiles
  6 ogres
  A big kobold (D:9)
  12 bullfrogs
  A gnoll sergeant (D:9)
  4 scorpions
  2 wyvern skeletons
  Dowan (D:8)
  7 killer bees
  7 wights
  An electric eel (D:8)
  6 howler monkeys
  2 bullfrog zombies
  3 centaur zombies
  4 human zombies (D:13)
  10 crimson imps
  3 bullfrog skeletons
  6 hounds
  2 jellies
  11 orc priests
  Crazy Yiuf (D:3)
  2 centaur skeletons
  20 orc wizards
  2 water moccasin simulacra (D:8)
  5 iguanas
  Terence (D:2)
  Natasha (thrice) (D:2)
  A hell rat (D:13)
  7 worker ants
  2 hound zombies
  5 gnolls (D:9)
  A worker ant zombie (D:10)
  A howler monkey skeleton (D:7)
  4 river rats (D:13)
  24 adders
  2 shadow imps (D:7)
  A white imp (D:8)
  2 ufetubi (D:8)
  An adder zombie (D:9)
  An adder skeleton (D:8)
  5 worms
  2 dart slugs (D:1)
  2 leopard geckos
  73 orcs
  9 bats
  7 giant cockroaches
  10 goblins
  9 hobgoblins
  11 jackals
  4 quokkas
  A ball python (D:3)
  6 frilled lizards
  3 kobolds
  A leopard gecko zombie (D:7)
  A quokka skeleton (D:4)
  2 quokka zombies
  7 rats
438 creatures vanquished.

Vanquished Creatures (others)
  9 fungi (D:11)
  3 plants (D:11)
12 creatures vanquished.

Grand Total: 450 creatures vanquished

Notes
Turn   | Place    | Note
-------+----------+-------------------------------------------
     0 | D:1      | Memingway the Troll Fighter began the quest for the Orb.
     0 | D:1      | Reached XP level 1. HP: 22/22 MP: 0/0
   111 | D:2      | Reached XP level 2. HP: 27/29 MP: 1/1
   377 | D:1      | Reached XP level 3. HP: 36/36 MP: 2/2
   612 | D:2      | Found a blossoming altar of Fedhas.
   693 | D:2      | Reached skill level 3 in Unarmed Combat
   706 | D:2      | Noticed Terence
   717 | D:2      | Killed Terence
   717 | D:2      | Reached XP level 4. HP: 39/45 MP: 3/3
   733 | D:2      | Noticed Natasha
   745 | D:2      | Killed Natasha
   837 | D:2      | Noticed Natasha
   842 | D:2      | Killed Natasha
   842 | D:2      | Reached XP level 5. HP: 53/53 MP: 4/4
   993 | D:2      | Noticed Natasha
  1011 | D:2      | Killed Natasha
  1011 | D:2      | Reached skill level 4 in Unarmed Combat
  1391 | D:3      | Found a glowing silver altar of Zin.
  1536 | D:3      | Reached XP level 6. HP: 61/61 MP: 5/5
  1606 | D:3      | Noticed Blork the orc
  1854 | D:3      | Reached skill level 5 in Unarmed Combat
  2048 | D:3      | Found a runed door.
  2052 | D:3      | Noticed Crazy Yiuf
  2058 | D:3      | Killed Crazy Yiuf
  2500 | D:3      | Found a deep blue altar of Sif Muna.
  2684 | D:4      | Reached XP level 7. HP: 68/71 MP: 6/6
  2959 | D:5      | Entered Level 5 of the Dungeon
  2959 | D:5      | Found a radiant altar of Vehumet.
  2966 | D:4      | Reached skill level 5 in Fighting
  3512 | D:5      | Found a shattered altar of Ashenzari.
  3526 | D:5      | Reached XP level 8. HP: 73/83 MP: 7/7
  3604 | D:5      | Found a shimmering altar of Xom.
  3775 | D:5      | Found a sacrificial altar of Ru.
  4275 | D:6      | Reached skill level 5 in Shields
  4601 | D:6      | Reached skill level 6 in Unarmed Combat
  4832 | D:5      | Reached XP level 9. HP: 87/89 MP: 8/8
  4917 | D:7      | Reached skill level 7 in Unarmed Combat
  5284 | D:7      | Noticed Duvessa
  5285 | D:7      | Noticed Dowan
  5328 | D:9      | Found a flagged portal.
  5335 | Bailey   | Entered a bailey
  5337 | Bailey   | Noticed jotwebe's ghost (novice DrTm)
  5552 | D:8      | Noticed a two-headed ogre
  5631 | D:7      | Found a staircase to the Ecumenical Temple.
  5637 | Temple   | Entered the Ecumenical Temple
  5778 | Temple   | Became a worshipper of the Shining One
  5846 | D:7      | Reached skill level 8 in Unarmed Combat
  6457 | D:8      | Noticed a polar bear
  6471 | D:8      | Reached skill level 9 in Unarmed Combat
  6480 | D:8      | Killed a polar bear
  6583 | D:9      | Noticed a troll
  6602 | D:8      | Killed a two-headed ogre
  6602 | D:8      | Reached XP level 10. HP: 102/102 MP: 9/9
  6615 | D:8      | Noticed a two-headed ogre
  6623 | D:8      | Killed a two-headed ogre
  6623 | D:8      | Reached skill level 10 in Unarmed Combat
  6643 | D:8      | Found a white marble altar of Elyvilon.
  6643 | D:8      | Reached * piety under the Shining One
  6869 | D:9      | Reached skill level 5 in Dodging
  7452 | D:9      | Found an iron altar of Okawaru.
  7574 | D:10     | Entered Level 10 of the Dungeon
  7656 | D:8      | Reached ** piety under the Shining One
  7954 | D:8      | Killed Dowan
  7976 | D:8      | Killed Duvessa
  8002 | D:8      | Reached XP level 11. HP: 89/109 MP: 10/10
  8349 | D:11     | Found a bloodstained altar of Trog.
  8541 | D:11     | Got a transparent quarterstaff
  8620 | D:11     | Reached *** piety under the Shining One
  8758 | D:11     | Found a staircase to the Lair.
  8792 | D:11     | Noticed a two-headed ogre
  8813 | D:11     | Noticed a two-headed ogre
  8913 | D:10     | Killed a two-headed ogre
  8979 | D:10     | Killed a two-headed ogre
  9420 | D:10     | Found a staircase to the Orcish Mines.
  9434 | Orc:1    | Entered Level 1 of the Orcish Mines
  9584 | Orc:2    | Entered Level 2 of the Orcish Mines
  9640 | Orc:1    | Found Muquadop's General Store.
  9676 | Orc:1    | Noticed an orc knight
  9736 | D:10     | Reached skill level 11 in Unarmed Combat
  9793 | D:10     | Found Vocuiq's Distillery.
 10118 | D:10     | Found a runed door.
 10166 | D:10     | Noticed an orc knight
 10178 | D:10     | Killed an orc knight
 10178 | D:10     | Reached skill level 1 in Evocations
 10274 | D:10     | Reached XP level 12. HP: 119/123 MP: 12/12
 10359 | D:10     | Found a roughly hewn altar of Beogh.
 10842 | D:12     | Reached **** piety under the Shining One
 10901 | D:12     | Noticed a two-headed ogre
 10911 | D:12     | Killed a two-headed ogre
 10937 | D:12     | Reached skill level 1 in Invocations
 11197 | D:12     | Noticed a two-headed ogre
 11202 | D:12     | Killed a two-headed ogre
 11299 | D:12     | Found an ancient bone altar of Kikubaaqudgha.
 11378 | D:13     | Noticed a centaur warrior
 11564 | D:12     | Noticed a four-headed hydra
 11572 | D:12     | Killed a four-headed hydra
 11572 | D:12     | Reached skill level 1 in Throwing
 11852 | D:13     | Reached skill level 12 in Unarmed Combat
 12219 | D:13     | Reached ***** piety under the Shining One
 12522 | D:13     | Noticed a vampire knight
 12527 | D:13     | Paralysed by a vampire knight for 7 turns
 12532 | D:13     | HP: 5/123 [vampire knight/flail of protection (7)]
 12532 | D:13     | Slain by a vampire knight

Vault maps used:
D:1:      matt_arrival_diagonals, grunt_decor_fettered, minmay_cupped
D:2:      lemuel_doored_altar, uniq_natasha, uniq_terence
D:3:      nicolae_overflow_hidden_temple, tgw_sif, lemuel_round_altar,
          palyth_stone_intersect, uniq_crazy_yiuf_cottage
D:5:      kennysheep_little_box, kennysheep_mini_moat, vehumet_altar_wand_db,
          first_bread, evilmike_ruin_ashenzari
D:6:      serial_park_tiny_pond
D:7:      minmay_temple_entry_hall, grunt_ministairs_10, uniq_duvessa
D:8:      lemuel_crystal_altar, serial_ice, serial_ice_o, serial_ice_g,
          serial_ice_d, serial_ice_m, serial_ice_j
D:9:      kennysheep_okawaru_gauntlet, enter_bailey_2, blue_anna_alchemist
D:10:     orc_0_dummy, serial_shops, nicolae_shop_behind_doors,
          lightli_church_of_beogh
D:11:     due_lair_maze_entry_diamond, lab_entry_generic,
          eino_small_chamber_without_monster, trog_ov_bears_minmay
D:12:     basic_altar
D:13:     lemuel_vampire_tower, onia_ninara_dug_in_and_dangerous
Temple:   dshaligram_water_room_temple
Orc:1:    basic_altar, serial_shops, shop_statue
Orc:2:    st_orc_rangers, serial_shops, shop, mines1_david, uniq_maurice
Bailey:   bailey_polearm_flooded_kennysheep, bailey

Skill      XL: |  1  2  3  4  5  6  7  8  9 10 11 12 |
---------------+-------------------------------------+-----
Shields        | 3 4 5 6 7 9 |  9.0
Unarmed Combat | 3 4 5 6 9 10 11 12 | 12.9
Fighting       | 3 4 6 7 9 |  9.0
Dodging        | 4 6 7 |  7.5
Evocations     | 1 3 |  3.2
Invocations    | 2 |  2.9
Throwing       | 3 |  3.8

Action                   |  1- 3 |  4- 6 |  7- 9 | 10-12 || total
-------------------------+-------+-------+-------+-------++-------
Melee: Unarmed           |    67 |   171 |   323 |   680 ||  1241
Throw: Large rock        |       |       |       |    12 ||    12
Invok: Divine Shield     |       |       |       |    10 ||    10
Evoke: Wand              |       |       |     2 |     6 ||     8
  Use: Scroll            |       |     1 |     6 |    17 ||    24
       Potion            |       |       |       |     2 ||     2
 Stab: Sleeping          |       |     1 |     2 |       ||     3
  Eat: Chunk             |    11 |    19 |    37 |    54 ||   121
Armor: Robe              |    19 |    27 |    53 |    56 ||   155
       Troll leather arm |       |       |       |    24 ||    24
Dodge: Dodged            |    29 |    37 |    88 |   205 ||   359
Block: Shield            |    20 |    59 |   116 |   342 ||   537
